Map: Tropical Sacrifice

Players

Zac

  • Race: Terran Terran
  • League: Diamond
  • Spawn Location: 7:00

Metamyth - Winner!

  • Race: Zerg Zerg
  • League: Diamond
  • Spawn Location: 1:00

VOD

Have the link to the VOD?

Description

Time

  • Played on: Jan. 22, 2023, 11:47 p.m.
  • Length: 11:30
Show
View Real Time Build Order
Export as new Build Order

Zac Terran 

Build Orders: Hellion Opening 

Get SALT Encoding   

  12  0:00  SCV  
  13  0:12  SCV  
  14  0:18  Supply Depot  
  14  0:24  SCV  
  15  0:29  Refinery  
  15  0:40  SCV  
  16  0:47  Barracks  
  16  0:52  SCV  
  17  1:04  SCV  
  18  1:16  SCV  
  19  1:30  SCV  
  20  1:37  Reaper  
  21  1:46  Command Center  
  21  1:49  SCV  
  22  2:01  Orbital Command  
  22  2:12  Factory  
  22  2:14  Barracks Reactor  
  22  2:24  Supply Depot  
  22  2:28  SCV  
  23  2:46  SCV  
  23  2:48  Refinery  
  24  2:57  Starport  
  24  2:59  Orbital Command  
  24  3:00  SCV  
  24  3:01  Barracks Tech Lab  
  27  3:05  Hellion  
  27  3:08  Hellion  
  29  3:15  SCV  
  30  3:24  Marauder  
  30  3:25  SCV  
  33  3:27  SCV  
  33  3:30  Stimpack  
  33  3:33  Hellion  
  36  3:36  Hellion  
  36  3:41  SCV  
  39  3:42  SCV  
  39  3:46  Supply Depot  
  40  3:54  Hellion  
  42  3:57  Hellion  
  42  3:59  SCV x2  
  45  4:07  Supply Depot  
  45  4:08  Marauder  
  47  4:12  SCV x2  
  47  4:14  Medivac  
  47  4:16  Hellion  
  53  4:22  Supply Depot  
  53  4:28  SCV  
  53  4:29  SCV, Hellion  
  57  4:32  Supply Depot  
  57  4:38  Marauder  
  59  4:55  Medivac, Hellion x2  
  59  4:56  SCV x2  
  59  4:59  Marauder  
  69  5:08  Barracks, SCV  
  69  5:09  Barracks  
  69  5:11  Barracks  
  70  5:19  Barracks  
  70  5:21  SCV x2  
  72  5:22  Hellion x2  
  72  5:44  SCV x2  
  72  5:47  Viking  
  72  5:48  Combat Shield  
  76  5:50  Widow Mine  
  78  6:02  Command Center  
  78  6:09  Barracks Reactor x2  
  78  6:10  Barracks Reactor x2  
  78  6:18  Supply Depot x2  
  78  6:19  Supply Depot  
  78  6:20  Supply Depot  
  78  6:29  Engineering Bay  
  78  6:31  Engineering Bay  
  78  6:35  Supply Depot  
  78  6:36  Refinery x2  
  78  6:38  Supply Depot x2  
  78  6:39  SCV x2  
  80  6:45  Marine x2  
  80  6:46  Marine x7  
  89  6:51  SCV x2  
  89  6:53  Medivac  
  91  7:03  Marine, SCV x2  
  92  7:12  Marine  
  93  7:16  SCV  
  94  7:26  Marine, Planetary Fortress  
  94  7:27  Marine x7  
  102  7:30  Command Center, Starport Reactor  
  102  7:33  Terran Infantry Weapons Level 1  
  102  7:38  Marine  
  103  7:44  SCV  
  103  7:45  SCV  
  105  7:54  Marine x7  
  105  7:56  SCV, Widow Mine  
  105  7:57  SCV  
  106  8:08  SCV  
  103  8:14  Marine x9  
  103  8:16  Medivac x2, Widow Mine  
  103  8:17  Widow Mine  
  103  8:18  Terran Infantry Armor Level 1  
  108  8:32  Marine x2  
  110  8:39  SCV x2  
  110  8:40  SCV  
  113  8:46  Medivac x2  
  117  8:49  Planetary Fortress, Starport, Fusion Core  
  117  8:51  SCV, Starport, Armory  
  117  8:53  SCV  
  119  8:58  Refinery  
  119  9:14  Marine x9  
  128  9:32  Marine x3  
  122  9:40  Marine  
  122  9:41  Marine x5  
  122  9:42  Starport Reactor x2  
  127  9:49  Marine  
  127  9:50  Marine x2  
  127  9:58  Marine, Liberator x2  
  127  9:59  Marine x3  
  135  10:02  Advanced Ballistics  
  135  10:03  SCV x4  
  135  10:06  Marine  
  140  10:14  Missile Turret  
  140  10:15  SCV, Missile Turret  
  140  10:16  SCV x3, Missile Turret  
  140  10:18  Widow Mine x2, Missile Turret  
  148  10:21  Liberator  
  147  10:29  Refinery  
  147  10:32  Medivac  
  149  10:37  Missile Turret  
  149  10:39  Widow Mine  
  149  10:40  Missile Turret  
  151  10:43  Marine  
  151  10:44  Marine x4, Missile Turret  
  155  10:59  Missile Turret  
  131  11:04  Missile Turret  
  131  11:10  Marine x8  
  74  11:23  Missile Turret  
Show
View Real Time Build Order
Export as new Build Order

Metamyth Zerg - Winner!

Build Orders: Hatch First 

Get SALT Encoding   

  12  0:00  Drone  
  13  0:13  Overlord  
  13  0:20  Drone  
  14  0:31  Drone x2  
  16  0:49  Hatchery  
  15  0:53  Drone  
  15  0:57  Drone  
  17  1:00  Drone  
  18  1:11  Extractor  
  17  1:17  Spawning Pool  
  16  1:19  Drone  
  16  1:22  Drone  
  18  1:28  Drone  
  19  1:39  Drone  
  20  1:49  Overlord  
  20  2:03  Queen  
  20  2:04  Queen, Zergling x2  
  20  2:05  Zergling x2  
  26  2:22  Hatchery  
  26  2:26  Metabolic Boost  
  25  2:31  Drone  
  25  2:33  Drone  
  27  2:37  Drone  
  27  2:40  Drone  
  29  2:46  Drone x2  
  31  2:54  Queen  
  33  2:59  Overlord  
  33  3:03  Drone  
  34  3:17  Drone  
  34  3:19  Pneumatized Carapace  
  35  3:23  Drone x3  
  35  3:24  Overlord  
  35  3:27  Drone  
  39  3:28  Drone  
  39  3:29  Drone  
  41  3:35  Queen  
  41  3:37  Overlord  
  44  3:41  Drone  
  44  3:42  Drone  
  44  3:46  Drone x2  
  47  3:50  Drone x2  
  47  3:52  Drone x2  
  51  4:00  Queen  
  51  4:02  Drone x3  
  56  4:07  Drone x2  
  56  4:08  Drone  
  59  4:12  Zergling x2  
  59  4:13  Queen  
  62  4:20  Zergling x4  
  62  4:21  Zergling x2  
  65  4:32  Spore Crawler x2  
  65  4:33  Spore Crawler  
  65  4:34  Overlord x2  
  62  4:39  Queen  
  62  4:40  Queen  
  62  4:53  Queen  
  62  4:55  Zergling x12  
  62  4:56  Zergling x4  
  70  5:00  Drone  
  70  5:01  Drone x3  
  70  5:02  Evolution Chamber  
  70  5:04  Evolution Chamber  
  72  5:08  Drone  
  72  5:09  Drone x2  
  72  5:10  Drone x2  
  72  5:12  Drone x2  
  72  5:13  Drone  
  80  5:24  Zergling x2  
  80  5:26  Overlord x2  
  80  5:27  Overlord  
  80  5:42  Drone x3  
  82  5:45  Extractor x2  
  82  5:46  Queen  
  82  5:49  Lair  
  82  5:50  Drone  
  82  5:51  Extractor, Drone  
  82  5:52  Drone x3  
  82  5:53  Drone x3  
  82  5:55  Hatchery  
  88  6:02  Drone  
  88  6:04  Extractor  
  88  6:06  Extractor, Baneling Nest  
  88  6:08  Drone x5  
  88  6:09  Drone  
  91  6:18  Drone  
  91  6:19  Drone  
  91  6:20  Drone x3  
  96  6:29  Zerg Melee Weapons Level 1  
  96  6:35  Zergling x2  
  96  6:36  Zergling x16  
  96  6:38  Overlord x2  
  105  6:43  Zerg Ground Armor Level 1  
  105  6:51  Baneling x3  
  105  6:52  Baneling x2  
  105  6:56  Zergling x14  
  109  7:21  Drone  
  109  7:22  Drone x9  
  119  7:34  Spire  
  118  7:38  Drone  
  118  7:41  Overlord x6  
  118  7:43  Spore Crawler  
  118  7:59  Queen  
  118  8:01  Overlord x5  
  118  8:05  Extractor, Spore Crawler  
  117  8:06  Extractor  
  117  8:08  Spine Crawler  
  117  8:09  Spine Crawler  
  107  8:15  Drone x3  
  107  8:16  Drone x2  
  107  8:17  Drone x2  
  106  8:20  Centrifugal Hooks  
  106  8:26  Zerg Melee Weapons Level 2  
  106  8:28  Drone  
  106  8:30  Drone x2, Spore Crawler  
  106  8:31  Drone x5  
  106  8:32  Drone x7  
  120  8:37  Overlord x2, Zerg Ground Armor Level 2  
  120  8:41  Zergling x10  
  121  8:42  Zergling x4  
  121  8:44  Baneling x7, Overseer  
  126  8:58  Overlord  
  126  8:59  Overlord  
  126  9:00  Mutalisk x5, Zerg Flyer Weapons Level 1  
  126  9:01  Mutalisk  
  138  9:06  Drone x3  
  141  9:14  Zergling x2  
  141  9:15  Zergling x20  
  152  9:27  Mutalisk x4  
  159  9:34  Zergling x18  
  159  9:35  Zergling x4  
  159  9:37  Baneling x4  
  159  9:38  Baneling  
  168  9:42  Zergling x6  
  168  9:43  Zergling x4  
  173  9:49  Mutalisk  
  173  9:50  Mutalisk x2  
  179  10:01  Mutalisk x5  
  179  10:02  Hatchery  
  188  10:10  Infestation Pit  
  188  10:11  Zergling x18  
  188  10:12  Zergling x2  
  197  10:26  Overseer  
  197  10:28  Mutalisk  
  192  11:02  Zergling x22  
  192  11:03  Zergling x24  
  188  11:16  Spine Crawler x2  
Tags
 
Add a new tag
Caveats
  • Supply blocks, unpowered buildings, or Contaminate may cause inaccurate times.
  • Supply counts are checked every 10 seconds.